 Dungeon Crawl Stone Soup version 0.31.0-4-g52a2dc7128 (webtiles) character file.

Game seed: 17157959824667552219

2500 dialectric the Basher (level 9, -7/118 HPs)
             Began as a Minotaur Monk on Jan 21, 2024.
             Mangled by a wight
             ... wielding a +3 halberd
              (9 damage)
             ... on level 7 of the Dungeon.
             The game lasted 00:09:44 (5504 turns).

dialectric the Basher (Minotaur Monk)               Turns: 5504, Time: 00:09:45

Health: -7/118     AC: 24    Str: 19    XL:     9   Next: 28%
Magic:  8/8        EV:  2    Int: 11    God:
Gold:   293        SH:  5    Dex: 14    Spells: 8/8 levels left

rFire   . . .        a - +0 mace
rCold   . . .        d - orb {light}
rNeg    + . .        m - melded +0 ring mail
rPois   +            (helmet currently unavailable)
rElec   .            (cloak currently unavailable)
rCorr   .            i - melded +1 pair of gloves
SInv    .            (boots currently unavailable)
Will    .....        x - amulet of reflection
Stlth   +            w - ring of positive energy
HPRegen 0.39/turn    (no ring)
MPRegen 0.11/turn

%: reflection
@: lethally poisoned (-7 -> -10), tree-form, attractive, slowed, glowing,
invisible (but backlit and visible), very slow
A: stationary, stasis, torment immunity, boosted hp, (horns 2), (retaliatory
headbutt), (hooves 1), thin skeletal structure 1, clever 1
a: no special abilities


You were on level 7 of the Dungeon.
You were a tree.
You visited 1 branch of the dungeon, and saw 7 of its levels.
You also visited: Ossuary.

You collected 293 gold pieces.

Inventory:

Hand Weapons
 a - a +0 mace (weapon)
 s - a +0 quarterstaff
 u - a +1 heavy mace
Armour
 b - the +6 lightning scales {swift, rElec}
   (You found it on level 6 of the Dungeon)

   Swift:     It allows the wearer to cover ground more swiftly.
   rElec:     It insulates you from electricity.
 d - an orb of light (worn)
 i - a +1 pair of gloves (melded)
 m - a +0 ring mail (melded)
 o - a +0 chain mail
 F - a +0 scale mail of cold resistance
Jewellery
 h - a ring of magical power
 w - a ring of positive energy (left branch)
 x - an amulet of reflection (around neck)
 A - an amulet of magic regeneration
 N - a +6 ring of intelligence
Talismans
 p - a beast talisman
Wands
 n - a wand of digging (6)
 B - a wand of acid (18)
 G - a wand of flame (6)
Scrolls
 c - 2 scrolls of teleportation
 f - a scroll of immolation {unknown}
 g - 2 scrolls of revelation {unknown}
 l - a scroll of acquirement {unknown}
 q - 2 scrolls of noise {unknown}
 t - a scroll of fog {unknown}
 v - a scroll of poison
 y - a scroll of enchant weapon {unknown}
 z - 4 scrolls of vulnerability {unknown}
 D - a scroll of torment {unknown}
Potions
 e - 2 potions of mutation
 j - 3 potions of enlightenment
 k - a potion of cancellation {unknown}
 r - 2 potions of resistance
 E - 3 potions of degeneration
 H - a potion of attraction
 I - 3 potions of brilliance
 J - a potion of lignification
 K - 2 potions of might
 M - 2 potions of ambrosia


   Skills:
 + Level 7.5 Fighting
 + Level 11.2 Maces & Flails
 + Level 6.0 Armour
 + Level 5.7 Dodging
 + Level 1.0 Evocations


You had 8 spell levels left.
You didn't know any spells.
Your spell library contained the following spells:

 Spells                   Type           Power      Damage    Failure   Level
 Freeze                   Ice            0%         1d3       34%         1
 Static Discharge         Conj/Air       0%         3-3/arc   47%         2
 Sublimation of Blood     Necr           0%         N/A       47%         2
 Frozen Ramparts          Ice            0%         1d1       71%         3
 Hailstorm                Conj/Ice       0%         3d5       71%         3
 Summon Ice Beast         Ice/Summ       0%         N/A       71%         3
 Airstrike                Air            0%         2d(0-16)  98%         4
 Manifold Assault         Tloc           0%         N/A       98%         4
 Petrify                  Alch/Erth      0%         N/A       98%         4
 Summon Lightning Spire   Summ/Air       0%         N/A       98%         4
 Irradiate                Conj/Alch      0%         3d11      100%        5
 Dispersal                Tloc           0%         N/A       100%        6
 Sculpt Simulacrum        Ice/Alch       0%         N/A       100%        6
 Disjunction              Tloc           0%         N/A       100%        8


Dungeon Overview and Level Annotations

Branches:
Dungeon (7/15)             Temple (0/1) D:4         Ossuary (visited)

Altars:
Kikubaaqudgha
Okawaru
Sif Muna
Vehumet
Wu Jian

Annotations:
D:3 2 transporters, Livid's ghost, amateur FoCA


Innate Abilities, Weirdness & Mutations

You are a tree.
Your roots penetrate the ground, keeping you stationary.
You cannot be teleported.
You are immune to unholy pain and torment.
Your maximum health is greatly increased.
Your equipment is partially melded.
((You have a pair of horns on your head.))
((You reflexively headbutt those who attack you in melee.))
((You have large cloven feet.))
You have a somewhat thin skeletal structure. (Dex +2, Stealth+)
Your mind is acute. (Int +4, Str/Dex -1)


Message History

Your headbutt misses the kobold brigand.
The kobold brigand is severely wounded.
The kobold brigand hits you with a +0 short sword.
* * * LOW HITPOINT WARNING * * *
The wight hits you from afar with a +3 halberd.
* * * LOW HITPOINT WARNING * * *
Unknown command.
You hit the kobold brigand. You kick the kobold brigand.
The kobold brigand is almost dead.
Unknown command.
Found a robe.
The kobold brigand throws a curare-tipped dart.
The curare-tipped dart hits you.
You are poisoned.
You have difficulty breathing.
* * * LOW HITPOINT WARNING * * *
You feel yourself slow down.
It was a potion of attraction.
You feel attractive to monsters.
* * * LOW HITPOINT WARNING * * *
You feel very sick. The wight barely misses you.
The wight hits you but does no damage. The wight closely misses you.
Unknown command.
It was a potion of lignification.
You turn into a tree.
Your +1 pair of gloves melds into your body.
Your +0 ring mail melds into your body.
Your roots penetrate the ground.
You feel very sick.
The kobold brigand hits you with a +0 short sword.
* * * LOW HITPOINT WARNING * * *
The wight hits you but does no damage. x2
It was a potion of invisibility.
You become transparent, but the glow from your halo prevents you from becoming completely invisible.
* * * LOW HITPOINT WARNING * * *
You feel sick.
The kobold brigand hits you but does no damage.
The wight hits you with a +0 hand axe.
* * * LOW HITPOINT WARNING * * *
The wight hits you from afar with a +3 halberd!
You die...

.#.# #...........##..##
...###...........#...##
#....................#
#....#.#.....####....
##.....##.....## ##...
#.....).#.##.... #.#.
.....###z...#...# ##.##
....####z...#..%#.......
.......♣K#...#..........
[.###....#.)....#.......
#...[...###.#.......
......#...####.......
......##.....#........
..#...##................
. #...#..##.............
.......#..............
... #..........#...


You could see a kobold brigand and 2 wights.

Vanquished Creatures
  Grinder (D:4)
  An orc warrior (D:6)
  2 black bears (D:6)
  A sky beast (D:6)
  2 ogres
  A centaur (D:7)
  A weeping skull (Ossuary)
  4 water moccasin zombies
  A scorpion (D:6)
  3 wights (D:6)
  A bullfrog zombie (D:4)
  A human zombie (D:4)
  2 jellies
  3 bombardier beetles
  4 orc priests
  A hound (D:6)
  A sleepcap (D:6)
  11 orc wizards
  2 iguanas
  A scorpion zombie (D:4)
  3 crocodile zombies (Ossuary)
  4 hound zombies (D:4)
  2 mummies (Ossuary)
  A howler monkey zombie (D:4)
  9 adders
  3 gnolls (D:4)
  A river rat (D:6)
  2 shadow imps (D:4)
  2 ufetubi (D:5)
  8 adder zombies
  3 dart slugs
  A ribbon worm (D:6)
  20 orcs
  12 endoplasms
  2 giant cockroaches
  11 gnoll zombies (Ossuary)
  7 goblins
  4 hobgoblins
  9 kobolds
  A quokka (D:3)
  10 ball pythons
  6 bats
  3 frilled lizards
  2 jackal zombies (Ossuary)
  3 orc zombies (Ossuary)
  3 rats
176 creatures vanquished.

Notes
Turn   | Place    | Note
-------+----------+-------------------------------------------
     0 | D:1      | dialectric the Minotaur Monk began the quest for the Orb.
     0 | D:1      | Reached XP level 1. HP: 19/19 MP: 0/0
   362 | D:1      | Reached XP level 2. HP: 21/27 MP: 1/1
   428 | D:1      | Reached skill level 4 in Maces & Flails
   719 | D:2      | Reached XP level 3. HP: 33/33 MP: 2/2
   999 | D:2      | Reached XP level 4. HP: 41/41 MP: 3/3
  1318 | D:3      | Noticed Livid's ghost (amateur FoCA)
  1324 | D:3      | Reached skill level 5 in Maces & Flails
  1328 | D:3      | Found a transporter.
  1522 | D:3      | Reached XP level 5. HP: 44/47 MP: 4/4
  1580 | D:3      | Reached skill level 1 in Armour
  1702 | D:3      | Found a transporter.
  2080 | D:3      | Found an iron altar of Okawaru.
  2190 | D:4      | Noticed an ogre
  2196 | D:4      | Killed an ogre
  2197 | D:4      | Reached skill level 5 in Fighting
  2197 | D:4      | Reached skill level 6 in Maces & Flails
  2293 | D:4      | Noticed Grinder
  2310 | D:4      | Killed Grinder
  2311 | D:4      | Reached XP level 6. HP: 35/56 MP: 5/5
  2429 | D:4      | Reached skill level 7 in Maces & Flails
  2714 | D:4      | Reached XP level 7. HP: 58/61 MP: 6/6
  2835 | D:4      | Found a staircase to the Ecumenical Temple.
  2971 | D:4      | Found an ancient bone altar of Kikubaaqudgha.
  3335 | D:4      | Found an ornate altar of the Wu Jian Council.
  3506 | D:5      | Entered Level 5 of the Dungeon
  3542 | D:5      | Reached skill level 8 in Maces & Flails
  3781 | D:6      | Reached XP level 8. HP: 70/70 MP: 7/7
  3793 | D:6      | Reached skill level 5 in Armour
  3809 | D:6      | Gained mutation: Your mind is acute. (Int +4, Str/Dex -1)
                  | [potion of mutation]
  3809 | D:6      | Gained mutation: You have large cloven feet. [potion of
                  | mutation]
  3809 | D:6      | Gained mutation: You have a somewhat thin skeletal
                  | structure. (Dex +2, Stealth+) [potion of mutation]
  3848 | D:5      | Found a sand-covered staircase.
  3853 | Ossuary  | Entered an ossuary
  4061 | Ossuary  | Reached skill level 9 in Maces & Flails
  4091 | Ossuary  | Reached skill level 5 in Dodging
  4297 | D:5      | Found a radiant altar of Vehumet.
  4308 | D:5      | Found a shimmering blue altar of Sif Muna.
  4336 | D:6      | Reached skill level 10 in Maces & Flails
  4548 | D:6      | Found the +6 lightning scales {swift, rElec}
  4647 | D:6      | Reached XP level 9. HP: 77/79 MP: 8/8
  5251 | D:6      | Reached skill level 11 in Maces & Flails
  5251 | D:6      | Reached skill level 1 in Evocations
  5503 | D:7      | HP: 5/118 [kobold brigand/+0 short sword (2)]
  5504 | D:7      | HP: 2/118 [wight/+0 hand axe (2)]
  5504 | D:7      | Mangled by a wight

Illustrated notes

Levels and vault maps discovered:
D:1:      giann_horns, layout_basic, minmay_pentomino_x2
D:2:      kennysheep_six_static_rooms, layout_rooms, grunt_decor_one_mirror,
          minmay_misc_feat_five, serial_bayou_lagoon_a
D:3:      layout_basic, mainiacjoe_overflow_alcove_2, gammafunk_ghost_arena,
          minmay_unequal
D:4:      layout_basic, kennysheep_little_box,
          lemuel_mausoleum_altar_kikubaaqudgha, minmay_temple_entry_waves,
          uniq_grinder
D:5:      layout_basic, nicolae_overflow_quartered_altars,
          grunt_temple_overflow_open, enter_ossuary_2
D:6:      layout_basic, portal_sewer_entry_c, reono_crystal_passage
D:7:      layout_cave_pools, uniq_joseph

Skill      XL: |  1  2  3  4  5  6  7  8  9 |
---------------+----------------------------+-----
Maces & Flails | 4 5 6 7 8 10 11 | 11.2
Fighting       | 4 5 6 7 |  7.5
Dodging        | 4 5 |  5.7
Armour         | 3 4 5 6 |  6.0
Evocations     | 1 |  1.0

Action                     |  1- 3 |  4- 6 |  7- 9 || total
---------------------------+-------+-------+-------++-------
  Melee: Mace              |    59 |   106 |   308 ||   473
         Headbutt          |    10 |    22 |   102 ||   134
         Kick              |       |       |    79 ||    79
  Throw: Throwing net      |       |       |     1 ||     1
  Evoke: Wand              |       |       |     3 ||     3
    Use: Potion            |       |     4 |     5 ||     9
         Scroll            |       |       |     6 ||     6
 Armour: Robe              |    21 |       |       ||    21
         Ring mail         |    11 |    77 |   159 ||   247
         Skin              |       |       |     6 ||     6
  Dodge: Dodged            |    32 |    90 |   168 ||   290
